 Dungeon Crawl Stone Soup version 0.17.0-1-g61d176b (console) character file.

76 gw the Skirmisher (level 4, 36/40 HPs)
             Began as a Draconian Fighter on Nov 7, 2015.
             Quit the game on level 2 of the Dungeon.
             The game lasted 00:05:43 (1925 turns).

gw the Skirmisher (Draconian Fighter)               Turns: 1925, Time: 00:05:43

Health: 36/40      AC:  0    Str: 18    XL:     4   Next: 12%
Magic:  4/4        EV: 20    Int:  9    God:    Xom [..*...]
Gold:   29         SH:  0    Dex: 11    Spells: 0 memorised, 3 levels left

rFire  . . .     SeeInvis .     (weapon currently unavailable)
rCold  . . .     Clarity  .     (armour unavailable)
rNeg   . . .     SustAt   .     (shield currently unavailable)
rPois  .         Gourm    .     (helmet currently unavailable)
rElec  .         Spirit   .     (cloak currently unavailable)
rCorr  .         Warding  .     (gloves currently unavailable)
rMut   .         Stasis   .     (boots currently unavailable)
MR     .....                    (amulet currently unavailable)
Stlth  +.........               (ring currently unavailable)
                                (ring currently unavailable)

@: porcupine-form, quick, not resistant to hostile enchantments, very unstealthy
A: unfitting armour, (cold-blooded), AC +5
a: Renounce Religion


You were on level 2 of the Dungeon.
You worshipped Xom.
You were a toy of Xom.
You were not hungry.
You were a spiny porcupine.
You visited 1 branch of the dungeon, and saw 2 of its levels.

You collected 29 gold pieces.

Inventory:

Hand Weapons
 a - a +0 flail (melded)
Armour
 b - a +0 shield (melded)
Potions
 c - 4 potions of might
Comestibles
 d - 4 bread rations


   Skills:
 + Level 4.0 Fighting
 * Level 2.9 Maces & Flails
 + Level 3.2 Dodging
 + Level 3.4 Shields


You had 3 spell levels left.
You didn't know any spells.

Dungeon Overview and Level Annotations

Branches:
Dungeon (2/15)

Altars:
Kikubaaqudgha
Xom

Annotations:
D:2 Robin


Innate Abilities, Weirdness & Mutations

((Your plain brown scales are hard (AC +5).))
Your body does not fit into most forms of armour.
((You are cold-blooded and may be slowed by cold attacks.))


Message History

ATTACK MOVE TO (0,1) Really attack barehanded?
Okay, then.
Unknown command.
Unknown command.
Unknown command.
ATTACK MOVE TO (0,1) Really attack barehanded?
Okay, then.
Unknown command.
Unknown command.
Unknown command.
ATTACK MOVE TO (0,1) Really attack barehanded?
Okay, then.
Unknown command.
Unknown command.
Unknown command.
Infinite lua loop detected, aborting.
Are you sure you want to abandon this character and quit the game? (Confirm with "yes".)

...#
#...##....##...########.##..
##.####?.......##...#
..........
#.##..........######
#....#..#.# #.####..##.####
#......?... #.##.#.....#
#.........# #.##.#..##.##
#.#.#.....# #.##?#......#
#.# #.##... ##.##........#
########.# #......
..?...##...#.# #rgg..(..#
####### ......##...#.#
#g)....((###### #
.............#
#.............## #
.....###.#.#.#
#....>.....(...###
...........#.#
#.................
.....####### #
#............#.#.# ...###
#..[......#....>.. ...#
#####+#.>.##.###.. ...#
.....##......


You could see Robin and 2 hobgoblins.

Table legend:
 A = Turns spent in this place as a percentage of turns spent in the entire game.
 B = Non-inter-level travel turns spent in this place as a percentage of non-inter-level travel turns spent in the entire game.
 C = Inter-level travel turns spent in this place as a percentage of turns spent in this place.
 D = Turns resting spent in this place as a percentage of non-inter-level travel turns spent in this place.
 E = Turns spent auto-exploring this place as a percentage of non-inter-level travel turns spent in this place.
 F = Non-inter-level travel turns spent in this place divided by the number of levels of this place that you've seen.
                   A       B       C       D       E      F
               +-------+-------+-------+-------+-------+----------------------
         Total | 100.0 | 100.0 |   0.2 |   0.3 |   1.0 | 3628.0
       Dungeon | 100.0 | 100.0 |   0.2 |   0.3 |   1.0 | 3628.0
               +-------+-------+-------+-------+-------+----------------------

Table legend:
 A = Kills in this place as a percentage of kills in entire the game.
 B = Kills by you in this place as a percentage of kills by you in the entire game.
 C = Kills by friends in this place as a percentage of kills by friends in the entire game.
 D = Other kills in this place as a percentage of other kills in the entire game.
 E = Experience gained in this place as a percentage of experience gained in the entire game.
 F = Experience gained in this place divided by the number of levels of this place that you have seen.
                   A       B       C       D       E      F
               +-------+-------+-------+-------+-------+----------------------
         Total | 100.0 | 100.0 |  -nan |  -nan | 100.0 |  54.5
       Dungeon | 100.0 | 100.0 |  -nan |  -nan | 100.0 |  54.5
               +-------+-------+-------+-------+-------+----------------------

Vanquished Creatures
  Ijyb (D:2)
  A worm (D:2)
  2 giant geckos (D:1)
  6 bats
  14 goblins
  5 hobgoblins
  2 jackals (D:1)
  2 giant cockroaches (D:1)
  4 giant newts
  4 kobolds
  2 rats
43 creatures vanquished.

Notes
Turn   | Place    | Note
--------------------------------------------------------------
     0 | D:1      | gw the Draconian Fighter began the quest for the Orb.
     0 | D:1      | Reached XP level 1. HP: 19/19 MP: 1/1
   350 | D:1      | Reached XP level 2. HP: 26/26 MP: 2/2
  1104 | D:2      | Found an ancient bone altar of Kikubaaqudgha.
  1279 | D:2      | Noticed Ijyb
  1294 | D:2      | Killed Ijyb
  1294 | D:2      | Reached XP level 3. HP: 22/33 MP: 3/3
  1571 | D:2      | Found a shimmering altar of Xom.
  1579 | D:2      | Became a worshipper of Xom of Chaos
  1672 | D:2      | Reached skill level 4 in Fighting
  1821 | D:2      | Reached XP level 4. HP: 35/40 MP: 4/4
  1881 | D:2      | Noticed Robin
  1899 | D:2      | XOM: divination: detect items
  1925 | D:2      | Quit the game

Action                   |  1- 3 |  4- 6 || total
-------------------------+-------+-------++-------
Melee: Flail             |   128 |    23 ||   151
  Use: Potion            |     1 |       ||     1
  Eat: Chunk             |     3 |     1 ||     4

Vault maps used:
D:1:      dpeg_arrival_chase
D:2:      lemuel_doored_altar, lemuel_crystal_altar, first_bread,
          ecumenical_altar_2, uniq_robin, uniq_iyjb
